 Dungeon Crawl Stone Soup version 0.28-b1-25-g9875b3fc8c (webtiles) character file.

Game seed: 5732321757937403052

1725 croobank the Grasshopper (level 9, -2/55 (69) HPs)
             Began as a Gnoll Warper on Feb 3, 2022.
             Was an Initiate of Gozag.
             Killed from afar by a white imp (8 damage)
             ... with a puff of frost
             ... on level 7 of the Dungeon.
             The game lasted 00:59:22 (9117 turns).

croobank the Grasshopper (Gnoll Warper)             Turns: 9117, Time: 00:59:22

HP:   -2/55 (69)    AC: 17    Str: 14    XL:     9   Next: 4%
MP:   18/18         EV:  5    Int: 14    God:    Gozag
Gold: 503           SH:  0    Dex: 11    Spells: 12/20 levels left

rFire   + + .      SeeInvis .   a - +2 whip (elec)
rCold   . . .      Faith    .   (no shield)
rNeg    . . .      Spirit   .   h - +0 plate armour
rPois   .          Reflect  .   (no helmet)
rElec   .          Harm     .   p - +2 cloak
rCorr   .          Rampage  .   (no gloves)
Will    .....                   q - +1 pair of boots {Stlth+}
Stlth   ..........              (no amulet)
HPRegen 0.18/turn               f - ring of protection from fire
MPRegen 0.16/turn               x - ring of protection from fire

@: heavily drained
A: fangs 1, strong nose, distributed training
a: Renounce Religion, Potion Petition, Call Merchant, Bribe Branch


You were on level 7 of the Dungeon.
You worshipped Gozag.
Gozag was pleased with you.
You visited 2 branches of the dungeon, and saw 8 of its levels.

You collected 768 gold pieces.
You spent 181 gold pieces at shops.
You paid 84 gold pieces to Gozag.

Inventory:

Hand Weapons
 a - a +2 whip of electrocution (weapon)
 b - a +0 hunting sling
 n - a +0 hand axe
 o - a +0 whip of draining
 w - a +2 dagger of speed
 z - a +2 great sword of freezing
Missiles
 c - 63 arrows
 e - 80 sling bullets
 m - 36 bolts
 r - 139 stones (quivered)
Armour
 h - a +0 plate armour (worn)
 i - a +0 leather armour of cold resistance
 j - a +1 ring mail
 p - a +2 cloak (worn)
 q - a +1 pair of boots of stealth (worn)
 s - a +0 leather armour
Jewellery
 f - a ring of protection from fire (left hand)
 v - a ring of ice
 x - a ring of protection from fire (right hand)
Wands
 y - a wand of iceblast (15)
Scrolls
 d - a scroll of vulnerability {unknown}
 g - 2 scrolls of immolation
 k - a scroll of magic mapping {unknown}
 t - 2 scrolls of enchant weapon {unknown}
 u - a scroll of amnesia {unknown}
Potions
 l - a potion of flight


   Skills:
 + Level 6.0 Fighting
 + Level 3.8 Short Blades
 + Level 3.8 Long Blades
 + Level 6.0 Axes
 + Level 3.8 Maces & Flails
 + Level 3.8 Polearms
 + Level 3.8 Staves
 + Level 3.8 Slings
 + Level 3.8 Bows
 + Level 3.8 Crossbows
 + Level 4.6 Throwing
 + Level 4.6 Armour
 + Level 6.0 Dodging
 + Level 3.8 Stealth
 + Level 3.8 Shields
 + Level 3.8 Unarmed Combat
 + Level 6.3 Spellcasting
 + Level 3.1 Conjurations
 + Level 3.1 Hexes
 + Level 3.1 Summonings
 + Level 3.1 Necromancy
 + Level 6.3 Translocations
 + Level 3.1 Transmutations
 + Level 3.1 Fire Magic
 + Level 3.1 Ice Magic
 + Level 3.1 Air Magic
 + Level 3.1 Earth Magic
 + Level 3.1 Poison Magic
 + Level 4.2 Invocations
 + Level 3.8 Evocations


You had 12 spell levels left.
You knew the following spells:

 Your Spells              Type           Power      Damage    Failure   Level
a - Blink                 Tloc           44%        N/A       80%         2
b - Teleport Other        Tloc           22%        N/A       95%         3
c - Gell's Gravitas       Tloc           22%        N/A       95%         3

Your spell library contained the following spells:

 Spells                   Type           Power      Damage    Failure   Level
 Apportation              Tloc           44%        N/A       67%         1
 Lesser Beckoning         Tloc           22%        N/A       95%         3
 Scorch                   Fire           26%        2d6       99%         2
 Flame Wave               Conj/Fire      13%        2d6       100%        4
 Manifold Assault         Tloc           22%        N/A       100%        5
 Summon Cactus Giant      Summ           6%         N/A       100%        6


Dungeon Overview and Level Annotations

Branches:
Dungeon (7/15)             Temple (1/1) D:5

Altars:
Ashenzari
Cheibriados
Dithmenos
Elyvilon
Fedhas
Gozag
Hepliaklqana
Kikubaaqudgha
Makhleb
Okawaru
Qazlal
Ru
Sif Muna
Trog
Uskayaw
Vehumet
Xom
Yredelemnul
Zin
The Shining One

Shops:
D:1 (*:[[   D:5 :(

Annotations:
D:3 1 runed translucent door, Crazy Yiuf


Innate Abilities, Weirdness & Mutations

You have very sharp teeth.
Your uncanny sense of smell can sniff out nearby items.
Your experience applies equally to all skills.


Message History

The orc wizard barely misses you. Something hits you but does no damage.
The orc wizard barely misses you.
The orc wizard hits you but does no damage.
Something hits you but does no damage.
The orc warrior hits you with a +2 hand axe of draining.
* * * LOW HITPOINT WARNING * * *
You feel drained.
The orc wizard gestures at you while chanting.
The puff of flame hits you. You resist.
* * * LOW HITPOINT WARNING * * *
The ice beast is distracted by your dazzling golden aura.
Something hits you but does no damage.
The ice beast is no longer distracted by gold.
A black bear comes into view.
The black bear growls angrily.
The orc wizard gestures at you while chanting.
The puff of flame hits you but does no damage.
The orc wizard hits you but does no damage.
A scorpion comes into view.
The orc wizard casts a spell.
The orc wizard flickers and vanishes!
Found 18 arrows and a fizzy green potion.
The orc wizard casts a spell.
The orc wizard flickers and vanishes!
Found 19 sling bullets.
The orc warrior hits you with a +2 hand axe of draining.
* * * LOW HITPOINT WARNING * * *
You feel drained.
A white imp comes into view.
The white imp shouts!
Found a stone staircase leading down.
An orc wizard appears from thin air!
Reactivating autopickup.
The white imp disappears for a moment.
The orc wizard mumbles some strange words.
The orc wizard flickers and vanishes!
Deactivating autopickup; reactivate with Ctrl-A.
The white imp gestures at you. The puff of frost hits you!
You die...
Your body crumbles into a pile of gold.

... ##..........##
...# #.......##.##
....####..!.....###
......##.......#
##...#........#
#.......Y...### .
#..sh..#....#
....#...o####..##
.......@.# #....
...............#..
....#.....##.#...##
.## #...5...# ...#
#........
##.........
#..>..##.. .....##
##


You could see an orc warrior, a black bear, an ice beast, a scorpion and a white
imp.

Vanquished Creatures
  Grinder (D:4)
  Sigmund (D:5)
  A water moccasin (D:4)
  An ice beast (D:6)
  A black bear (D:6)
  A centaur (D:6)
  2 scorpions (D:6)
  A water moccasin skeleton (D:5)
  5 wights (D:6)
  A howler monkey (D:4)
  A bullfrog zombie (D:5)
  A centaur zombie (D:6)
  3 hounds
  2 orc priests (D:4)
  A bullfrog skeleton (D:6)
  A centaur skeleton (D:5)
  2 iguanas (D:4)
  An orc wizard (D:5)
  Robin (D:4)
  5 gnolls
  4 adders
  A shadow imp (D:6)
  2 ufetubi
  An adder zombie (D:5)
  2 worms (D:3)
  2 dart slugs
  16 orcs
  9 ball pythons
  4 bats
  10 endoplasms
  6 giant cockroaches
  13 goblins
  15 hobgoblins
  3 jackals (D:1)
  5 kobolds
  7 quokkas
  2 frilled lizards
  3 rats
138 creatures vanquished.

Notes
Turn   | Place    | Note
-------+----------+-------------------------------------------
     0 | D:1      | croobank the Gnoll Warper began the quest for the Orb.
     0 | D:1      | Reached XP level 1. HP: 20/20 MP: 6/6
   105 | D:1      | Found Qomont's General Store.
   154 | D:1      | Reached XP level 2. HP: 17/26 MP: 7/7
   290 | D:1      | Learned a level 2 spell: Blink
   301 | D:1      | Found Nunoal's Antique Weapon Shop.
   338 | D:1      | Found Ube Tov's Book Shoppe.
   648 | D:1      | Found Nesuxi Fabao's Armour Shoppe.
   791 | D:1      | Found Fuimool's Antique Armour Shop.
  1104 | D:1      | Reached XP level 3. HP: 31/31 MP: 9/9
  1284 | D:2      | Reached skill level 5 in Spellcasting
  1432 | D:2      | Learned a level 3 spell: Teleport Other
  1560 | D:2      | Reached skill level 1 in Invocations
  1973 | D:3      | Reached skill level 1 in Short Blades
  1973 | D:3      | Reached skill level 1 in Long Blades
  1973 | D:3      | Reached skill level 1 in Maces & Flails
  1973 | D:3      | Reached skill level 1 in Polearms
  1973 | D:3      | Reached skill level 1 in Staves
  1973 | D:3      | Reached skill level 1 in Slings
  1973 | D:3      | Reached skill level 1 in Bows
  1973 | D:3      | Reached skill level 1 in Crossbows
  1973 | D:3      | Reached skill level 1 in Stealth
  1973 | D:3      | Reached skill level 1 in Shields
  1973 | D:3      | Reached skill level 1 in Unarmed Combat
  1973 | D:3      | Reached skill level 1 in Evocations
  2154 | D:3      | Reached XP level 4. HP: 17/38 MP: 11/11
  2570 | D:3      | Noticed an ogre
  2615 | D:3      | Reached skill level 1 in Conjurations
  2615 | D:3      | Reached skill level 1 in Hexes
  2615 | D:3      | Reached skill level 1 in Summonings
  2615 | D:3      | Reached skill level 1 in Necromancy
  2615 | D:3      | Reached skill level 1 in Transmutations
  2615 | D:3      | Reached skill level 1 in Fire Magic
  2615 | D:3      | Reached skill level 1 in Ice Magic
  2615 | D:3      | Reached skill level 1 in Air Magic
  2615 | D:3      | Reached skill level 1 in Earth Magic
  2615 | D:3      | Reached skill level 1 in Poison Magic
  2816 | D:3      | Found a faded altar of an unknown god.
  2965 | D:3      | Reached XP level 5. HP: 38/43 MP: 12/12
  3023 | D:3      | Learned a level 3 spell: Gell's Gravitas
  3050 | D:3      | You fall into a shaft and drop 3 floors!
  3114 | D:6      | Noticed a centaur
  3116 | D:5      | Entered Level 5 of the Dungeon
  3127 | D:5      | Found a staircase to the Ecumenical Temple.
  3134 | Temple   | Entered the Ecumenical Temple
  3229 | Temple   | Became a worshipper of Gozag Ym Sagoz the Greedy
  3309 | D:4      | Noticed Robin
  3529 | D:4      | Reached XP level 6. HP: 48/50 MP: 13/13
  3564 | D:4      | Noticed Grinder
  3577 | D:4      | Paralysed by Grinder for 4 turns
  3592 | D:4      | Paralysed by Grinder for 7 turns
  3619 | D:4      | Found a radiant altar of Vehumet.
  3869 | D:3      | Found a runed translucent door.
  3869 | D:3      | Found the +8 whip "Snakebite" {venom, curare, rPois}
  3870 | D:3      | Noticed Crazy Yiuf
  4305 | D:1      | Bought a +1 pair of boots of stealth for 181 gold pieces
  4614 | D:4      | Reached skill level 5 in Fighting
  4614 | D:4      | Reached skill level 5 in Axes
  4614 | D:4      | Reached skill level 5 in Dodging
  4956 | D:4      | Killed Robin
  5172 | D:4      | Noticed Sigmund
  5185 | D:4      | Found an ancient bone altar of Kikubaaqudgha.
  5186 | D:4      | Found a shimmering blue altar of Sif Muna.
  5192 | D:4      | Got Sif Muna's Disquisition on the Voyage
  5309 | D:4      | Killed Grinder
  5310 | D:4      | Reached XP level 7. HP: 48/56 MP: 15/15
  6352 | D:5      | Found a broken altar of Ashenzari.
  6379 | D:5      | Killed Sigmund
  6380 | D:5      | Reached XP level 8. HP: 42/63 MP: 16/16
  6500 | D:5      | Found Myntor's Book Boutique.
  6537 | D:5      | Found Enased's Antique Weapon Shop.
  6573 | D:5      | Noticed a two-headed ogre
  7016 | D:6      | Found a glowing silver altar of Zin.
  7016 | D:6      | Found a hide-covered altar of Uskayaw.
  8455 | D:6      | Reached XP level 9. HP: 36/69 MP: 18/18
  9117 | D:7      | Killed from afar by a white imp

Illustrated notes

Levels and vault maps discovered:
D:1:      dpeg_arrival_water_fire, layout_basic, serial_shops,
          nicolae_square_shop, shop, nicolae_diamond_shop, shop, shop_statue,
          grunt_decor_one_mirror, hangedman_glass_teeth
D:2:      layout_rooms
D:3:      minmay_chambers_of_threes, layout_loops_cross, basic_ecumenical_altar,
          kennysheep_generic_room_16, uniq_crazy_yiuf_cottage
D:4:      layout_loops_corners, grunt_temple_overflow_magic_moments,
          uniq_sigmund, uniq_grinder, uniq_robin
D:5:      layout_rooms, mainiacjoe_overflow_catwalk,
          nicolae_ashenzari_panopticon, minmay_temple_entry_mini_moons,
          serial_shops, kennysheep_mini, nicolae_shop_advertising_works
          [nicolae_subvault_shop_adworks], shop_coins,
          nicolae_concentric_dashed_squares_wild, minmay_crystal_room,
          grunt_ministairs_10, small_statue_intersection
D:6:      layout_layer_cave, amethyst_overflow_temple_binary
D:7:      layout_cave_pools, nemelex_diamond_rough_becter,
          minmay_misc_feat_room, chequers_serial_rivers_small_b
Temple:   eino_temple_lava

Skill      XL: |  1  2  3  4  5  6  7  8 |
---------------+-------------------------+-----
Spellcasting   | 5 6 |  6.3
Invocations    | 1 2 3 4 |  4.2
Short Blades   | 1 2 3 |  3.8
Long Blades    | 1 2 3 |  3.8
Maces & Flails | 1 2 3 |  3.8
Polearms       | 1 2 3 |  3.8
Staves         | 1 2 3 |  3.8
Slings         | 1 2 3 |  3.8
Bows           | 1 2 3 |  3.8
Crossbows      | 1 2 3 |  3.8
Stealth        | 1 2 3 |  3.8
Shields        | 1 2 3 |  3.8
Unarmed Combat | 1 2 3 |  3.8
Evocations     | 1 2 3 |  3.8
Conjurations   | 1 2 3 |  3.1
Hexes          | 1 2 3 |  3.1
Summonings     | 1 2 3 |  3.1
Necromancy     | 1 2 3 |  3.1
Transmutations | 1 2 3 |  3.1
Fire Magic     | 1 2 3 |  3.1
Ice Magic      | 1 2 3 |  3.1
Air Magic      | 1 2 3 |  3.1
Earth Magic    | 1 2 3 |  3.1
Poison Magic   | 1 2 3 |  3.1
Throwing       | 3 4 |  4.6
Armour         | 3 4 |  4.6
Fighting       | 5 6 |  6.0
Axes           | 5 6 |  6.0
Dodging        | 5 6 |  6.0
Translocations | 6 |  6.3

Action                   |  1- 3 |  4- 6 |  7- 9 || total
-------------------------+-------+-------+-------++-------
Melee: Hand axe          |   108 |       |       ||   108
       Bite              |    13 |    13 |    20 ||    46
       Whip              |    53 |   193 |   177 ||   423
       Punch             |       |     2 |     5 ||     7
 Fire: Hunting sling     |     6 |       |    11 ||    17
Throw: Boomerang         |       |       |     7 ||     7
       Stone             |       |       |     1 ||     1
 Cast: Blink             |     1 |     1 |       ||     2
       Teleport Other    |       |     4 |       ||     4
       Gell's Gravitas   |       |     2 |       ||     2
Evoke: Wand              |       |       |     1 ||     1
  Use: Scroll            |     1 |     8 |       ||     9
       Potion            |       |     1 |     1 ||     2
 Stab: Sleeping          |     1 |     1 |       ||     2
       Distracted        |       |     1 |       ||     1
Armor: Leather armour    |    44 |    78 |       ||   122
       Plate armour      |       |     2 |   202 ||   204
Dodge: Dodged            |   122 |   136 |    47 ||   305
